[Event "*** Titled Tuesday Blitz"]
[Site "Chess.com"]
[Date "2020.11.24"]
[Round "5"]
[White "Kislov_Oleg"]
[Black "chenxiaoyuer"]
[Result "1-0"]
[WhiteElo "2371"]
[BlackElo "2499"]
[TimeControl "180+1"]
[EndTime "11:11:44 PST"]
[Termination "Kislov_Oleg won by checkmate"]

1. e4 c5 2. Nf3 d6 3. c3 Nf6 4. Be2 Nc6 5. d4 cxd4 6. cxd4 Nxe4 7. d5 Qa5+ 8. Nc3 Nxc3 9. bxc3 Ne5 10. Qd4 e6 11. dxe6 Bxe6 12. Rb1 Qc7 13. Nxe5 dxe5 14. Bb5+ Bd7 15. Bxd7+ Qxd7 16. Qxd7+ Kxd7 17. Rxb7+ Ke6 18. Be3 Bd6 19. Ke2 Rhc8 20. Kd3 Rc6 21. Rxa7 Rxa7 22. Bxa7 Ra6 23. Be3 Rxa2 24. Rb1 f5 25. Rb7 e4+ 26. Kc4 f4 27. Bd4 g5 28. Rxh7 f3 29. gxf3 exf3 30. Rh5 Bf4 31. Rh6+ Kf5 32. h3 Re2 33. Kd3 Bd2 34.
Rf6# 1-0

[Event "*** Titled Tuesday Blitz"]
[Site "Chess.com"]
[Date "2020.11.24"]
[Round "5"]
[White "hansen"]
[Black "mbojan"]
[Result "1-0"]
[WhiteElo "2937"]
[BlackElo "2698"]
[TimeControl "180+1"]
[EndTime "11:11:46 PST"]
[Termination "hansen won by checkmate"]

1. e4 c5 2. Nf3 Nc6 3. Bb5 g6 4. O-O Bg7 5. Bxc6 dxc6 6. h3 Nf6 7. d3 Nd7 8. Nc3 e5 9. Be3 Qe7 10. Qd2 h6 11. a3 Nf8 12. Na4 Ne6 13. b4 b6 14.
bxc5 b5 15. Nc3 f5 16. exf5 gxf5 17. Qd1 e4 18. dxe4 Bxc3 19. exf5 Nxc5 20. Nh4 Qxh4 21. Bxc5 Bxf5 22. Qf3 Qf6 23. Rfe1+ Kf7 24. Be7 Qg6 25. Qxc3 Rhg8 26. g3 Rae8 27. Bh4 Be4 28. a4 b4 29. Qxb4 Bd5 30. Qb7+ Kf8 31. Qxa7 Qd6 32. Rxe8+ Kxe8 33. Re1+ Be6 34. Qh7 Kf8 35. a5 Qd5 36. Qe7# 1-0

[Event "*** Titled Tuesday Blitz"]
[Site "Chess.com"]
[Date "2020.11.24"]
[Round "5"]
[White "seorobert1971"]
[Black "TrickyFortem"]
[Result "1-0"]
[WhiteElo "2711"]
[BlackElo "2488"]
[TimeControl "180+1"]
[EndTime "11:11:46 PST"]
[Termination "seorobert1971 won by checkmate"]

1. Nf3 d5 2. d4 Nf6 3. c4 c6 4. Nc3 e6 5. Bg5 h6 6. Bxf6 Qxf6 7. e3 g6 8. Rc1 dxc4 9. Bxc4 Bg7 10. e4 O-O 11. e5 Qf4 12. O-O b5 13. Bd3 Rd8 14. h3 h5 15. g3 Qh6 16. Ne4 Bd7 17. h4 Na6 18. Qe2 Nc7 19. Rfd1 Nd5 20. Nd6 Bf8 21. Ne4 Be7 22. a3 Be8 23. Bb1 a6 24. Nfg5 Rac8 25.
Qf3 Rc7 26. Ba2 Qg7 27. Bxd5 Rxd5 28. Nf6+ Bxf6 29. exf6 Qf8 30. Qf4 Qd6 31. Qe3 Rf5 32.
Ne4 Qf8 33. Rc5 a5 34. Rxf5 exf5 35. Nc5 Rc8 36. Re1 a4 37. Qe5 Kh7 38. f3 Kg8 39.
Kf2 Kh7 40. Qf4 Rd8 41. Re7 Rd5 42. Qb8 Rxd4 43. Rxe8 Qd6 44. Rh8# 1-0

[Event "*** Titled Tuesday Blitz"]
[Site "Chess.com"]
[Date "2020.11.24"]
[Round "5"]
[White "MillyNeuf"]
[Black "juancruzarias"]
[Result "0-1"]
[WhiteElo "2390"]
[BlackElo "2546"]
[TimeControl "180+1"]
[EndTime "11:11:47 PST"]
[Termination "juancruzarias won on time"]

1. e4 d5 2. exd5 Qxd5 3. Nc3 Qd8 4. Bc4 Nf6 5. Nge2 Bg4 6. O-O e6 7. Qe1 Bxe2 8. Qxe2 Be7 9. d3 O-O 10. Ne4 Nbd7 11. Nxf6+ Nxf6 12. Bf4 c6 13. Rae1 Qd4 14. Be5 Qd7 15. f4 Bc5+ 16. Kh1 Bd4 17. c3 Bxe5 18.
fxe5 Nd5 19. d4 Ne7 20. Bd3 c5 21. Qe4 Ng6 22. h4 Qd5 23. Qxd5 exd5 24. h5 Ne7 25. dxc5 a5 26. Bb5 Rfc8 27. e6 f6 28. b4 axb4 29. cxb4 Rxa2 30. Bd7 Rca8 31. b5 Rc2 32.
Rc1 Raa2 33. Rxc2 Rxc2 34. Ra1 h6 35. Ra8+ Kh7 36. Re8 d4 37. Rxe7 d3 38. Bc8 d2 39.
Rd7 Rc1+ 40. Kh2 d1=Q 41. Rxd1 Rxd1 42. Bxb7 Kg8 43. Bc8 Kf8 44. c6 Ke7 0-1

[Event "*** Titled Tuesday Blitz"]
[Site "Chess.com"]
[Date "2020.11.24"]
[Round "5"]
[White "Kapibara_Warri0r"]
[Black "SchieberSpieler"]
[Result "0-1"]
[WhiteElo "2163"]
[BlackElo "2331"]
[TimeControl "180+1"]
[EndTime "11:11:49 PST"]
[Termination "SchieberSpieler won on time"]

1. e4 c6 2. d4 d5 3. Nc3 dxe4 4. Nxe4 Bf5 5. Ng3 Bg6 6. h4 h6 7. Nf3 e6 8. h5 Bh7 9. Bd3 Bxd3 10. Qxd3 Nf6 11.
Bd2 c5 12. O-O-O Nc6 13. Bc3 Qd5 14. Kb1 c4 15. Qe2 b5 16. Ne5 b4 17. Nxc6 Qxc6 18.
d5 Nxd5 19. Be5 c3 20. b3 Qc5 21. Ne4 Qa5 22. Qc4 Qb6 23. Rhe1 f6 24. Rxd5 fxe5 25.
Rxe5 Kf7 26. Ng3 Rd8 27. Qf4+ Kg8 28. Ne4 Bd6 29. Nxd6 Qxd6 30. Qe3 Kf7 31. Qf3+ Ke7 32. Qg4 Kf7 33. Qg6+ Kg8 34. Qg4 Kf7 35. Rxe6 Qd7 36.
Qf5+ Kg8 37. Qf3 Kh7 38. Qe4+ Kg8 39. Qf3 Kh7 40. Re7 Qd5 41. Qxd5 Rxd5 42. Rxa7 Rhd8 43. a4 Rd1+ 44. Rxd1 Rxd1+ 45. Ka2 Rc1 0-1

[Event "*** Titled Tuesday Blitz"]
[Site "Chess.com"]
[Date "2020.11.24"]
[Round "5"]
[White "NeverW84M8"]
[Black "platy3"]
[Result "0-1"]
[WhiteElo "2573"]
[BlackElo "2845"]
[TimeControl "180+1"]
[EndTime "11:11:50 PST"]
[Termination "platy3 won by resignation"]

1. d4 Nf6 2. c4 e6 3. Nc3 Bb4 4. e3 O-O 5. Bd3 d5 6. a3 Bxc3+ 7. bxc3 dxc4 8. Bxc4 c5 9. Bb2 Qc7 10. Bd3 b6 11.
Ne2 Ba6 12. O-O Bxd3 13. Qxd3 Nc6 14. e4 Rfd8 15. f3 Ne5 16. Qb5 Qc6 17. Qxc6 Nxc6 18.
Rad1 Na5 19. Kf2 Nc4 20. Bc1 Rd7 21. g4 Rad8 22. h4 Ne8 23. Rde1 Nc7 24. a4 e5 25. d5 Ne8 26. Bg5 Rb8 27. Ra1 Ned6 28. Rfb1 f6 29. Be3 Rdb7 30. Nc1 Kf7 31. Nd3 Ke7 32. Ke2 a5 33. Bf2 h5 34. Rg1 Rh8 35.
gxh5 Kf7 36. Rg4 Rxh5 37. Rag1 Rh7 38. Be1 Rb8 39. f4 Re8 40. fxe5 Nxe5 41. Nxe5+ Rxe5 42. Kd3 f5 43. Rf1 Ke8 44. Rg6 fxe4+ 45. Kc2 Rxd5 46. Bg3 Nf5 47. Re6+ Kd7 48. Rg6 Ne3+ 0-1

[Event "*** Titled Tuesday Blitz"]
[Site "Chess.com"]
[Date "2020.11.24"]
[Round "5"]
[White "vanyakuba"]
[Black "rududuyk"]
[Result "1-0"]
[WhiteElo "2481"]
[BlackElo "2180"]
[TimeControl "180+1"]
[EndTime "11:11:50 PST"]
[Termination "vanyakuba won by checkmate"]

1. e4 e6 2. d4 d5 3. exd5 exd5 4. Nf3 Nf6 5. c4 Nc6 6. Nc3 Bg4 7. cxd5 Nxd5 8.
Bc4 Nxc3 9. bxc3 Qe7+ 10. Be3 g6 11. h3 Bxf3 12. Qxf3 Bg7 13. O-O O-O 14. Rfe1 Qd7 15. h4 Na5 16. Bd3 c5 17. h5 cxd4 18. cxd4 Bxd4 19.
Bxd4 Qxd4 20. h6 Nc6 21. Be4 Rac8 22. Rad1 Qb2 23. Re2 Qh8 24. Bxc6 Rxc6 25. Rd7 Qf6 26. Qxf6 Rxf6 27. Rxb7 a6 28. Ree7 g5 29. Re5 Rg6 30. g4 f6 31. Re6 a5 32. Ra6 Rxh6 33. Rxa5 Rh4 34. f3 h5 35. gxh5 Rxh5 36. Raa7 Rh4 37. Kf2 Rh2+ 38. Kg3 Rh6 39. Rg7+ Kh8 40. a4 f5 41. Rgf7 Rh4 42. Rxf8# 1-0

[Event "*** Titled Tuesday Blitz"]
[Site "Chess.com"]
[Date "2020.11.24"]
[Round "5"]
[White "Marina_Chess_Rus"]
[Black "Dinamo3"]
[Result "0-1"]
[WhiteElo "2293"]
[BlackElo "2407"]
[TimeControl "180+1"]
[EndTime "11:11:52 PST"]
[Termination "Dinamo3 won on time"]

1. d4 Nf6 2. Nf3 g6 3. c4 Bg7 4. Nc3 O-O 5. e4 d6 6. Be2 e5 7. Be3 exd4 8. Nxd4 Re8 9. f3 c6 10. Qd2 d5 11. cxd5 cxd5 12. exd5 Nxd5 13. Bf2 Nxc3 14.
bxc3 Nc6 15. Nxc6 Qxd2+ 16. Kxd2 bxc6 17. Bd3 Be6 18. Rhb1 a5 19. a4 Red8 20. Kc2 Rd7 21. Bb6 Bh6 22. Rb2 Rd5 23. Rd1 Rh5 24. Bg1 Rd8 25. Be4 Rc8 26. Rd6 c5 27. Rb7 Bf8 28. Rdb6 Bc4 29. Rb8 Rxb8 30. Rxb8 Kg7 31. Ra8 Re5 32.
Rxa5 f5 33. Bd3 Bxd3+ 0-1

[Event "*** Titled Tuesday Blitz"]
[Site "Chess.com"]
[Date "2020.11.24"]
[Round "5"]
[White "GMJustin"]
[Black "KononenkoD"]
[Result "1-0"]
[WhiteElo "2287"]
[BlackElo "2477"]
[TimeControl "180+1"]
[EndTime "11:11:53 PST"]
[Termination "GMJustin won by checkmate"]

1. e4 c6 2. d4 d5 3. Nc3 dxe4 4.
Nxe4 Bf5 5. Nc5 e6 6. Nxb7 Qc7 7. Nc5 Bxc5 8. dxc5 Qe5+ 9. Be3 Qxb2 10. Bd4 Qb4+ 11.
c3 Qa5 12. Bxg7 f6 13. Bxh8 Qxc3+ 14. Ke2 Qe5+ 15. Kd2 Nd7 16. Nf3 Qb2+ 17. Ke1 Rd8 18. Qd4 Qa3 19. Rd1 Bc2 20. Rd2 Qc1+ 21. Ke2 Ne7 22.
g4 Nd5 23. Bg2 Qa3 24. Rxc2 e5 25. Qc4 Nf4+ 26. Kf1 Nxc5 27. Qg8+ Ke7 28. Qg7+ Ke6 29. Qxf6+ Kd7 30. Nxe5+ Kc8 31. Qxc6+ Kb8 32. Nd7+ Rxd7 33. Be5+ Rd6 34. Bxd6# 1-0

[Event "*** Titled Tuesday Blitz"]
[Site "Chess.com"]
[Date "2020.11.24"]
[Round "5"]
[White "ErikRonka"]
[Black "SameerMujumdar"]
[Result "0-1"]
[WhiteElo "2387"]
[BlackElo "2311"]
[TimeControl "180+1"]
[EndTime "11:11:53 PST"]
[Termination "SameerMujumdar won by resignation"]

1. d4 Nf6 2. Nf3 g6 3. g3 Bg7 4. Bg2 O-O 5. O-O d6 6. a4 Nbd7 7. a5 a6 8. Nc3 e5 9. e4 exd4 10. Nxd4 Nc5 11. h3 Re8 12. Re1 Bd7 13. b4 Ne6 14.
Be3 Nxd4 15. Bxd4 Bc6 16. Qd3 Nd7 17. Bxg7 Kxg7 18. f4 Qf6 19. Rad1 h5 20. h4 Nf8 21. Nd5 Bxd5 22. Qxd5 Qc3 23. Qd4+ Qxd4+ 24. Rxd4 Re7 25. Red1 Rae8 26. Rd5 Nd7 27. e5 Nb8 28. exd6 cxd6 29. Rxd6 Rc7 30. R1d2 Rc3 31. Kh2 Ree3 32. R6d3 Rexd3 33. cxd3 Rb3 34. Bxb7 Rxb4 35. Bc8 Rd4 36. Kg2 Nc6 37.
Bxa6 Nxa5 38. Kf3 Nb3 39. Rc2 Ra4 40. Bb5 Nd4+ 41. Kf2 Rb4 42. Rc4 Rb2+ 43. Ke3 Nxb5 44. d4 Rb3+ 45. Kf2 Rd3 46. Kg2 Nxd4 47. Rc5 Nf5 48. Rc6 0-1

[Event "*** Titled Tuesday Blitz"]
[Site "Chess.com"]
[Date "2020.11.24"]
[Round "5"]
[White "Sueetin"]
[Black "boasovietica"]
[Result "1-0"]
[WhiteElo "2280"]
[BlackElo "2407"]
[TimeControl "180+1"]
[EndTime "11:11:53 PST"]
[Termination "Sueetin won by checkmate"]

1. e4 e5 2. Nf3 Nc6 3. Bc4 Bc5 4. c3 Nf6 5. d3 a6 6. Nbd2 Ba7 7. O-O O-O 8. Re1 Re8 9. Nf1 d5 10. exd5 Nxd5 11. Bg5 f6 12. Be3 Bxe3 13. Nxe3 Be6 14. d4 exd4 15. Nxd5 Na5 16. Rxe6 Rxe6 17. Nxc7 Nxc4 18.
Nxe6 Qd6 19. Nexd4 b5 20. a4 Rb8 21. axb5 axb5 22. b3 Ne5 23. Nxe5 fxe5 24. Nf5 Qe6 25. Qd5 Qxd5 26. Ne7+ Kf7 27. Nxd5 Ke6 28. c4 bxc4 29. bxc4 Kd6 30. Ne3 Kc5 31. g3 Kd4 32. h4 Ke4 33. Kg2 Rb2 34. Rc1 Rb6 35. Rc2 Rc6 36. Rd2 h6 37. Kf1 g5 38. Ke2 g4 39. Nxg4 h5 40.
Ne3 Rf6 41. Rc2 Rf3 42. c5 Rf7 43. Rc4# 1-0

[Event "*** Titled Tuesday Blitz"]
[Site "Chess.com"]
[Date "2020.11.24"]
[Round "5"]
[White "sasko1234"]
[Black "1977Ivan"]
[Result "1/2-1/2"]
[WhiteElo "2463"]
[BlackElo "2664"]
[TimeControl "180+1"]
[EndTime "11:11:54 PST"]
[Termination "Game drawn by repetition"]

1. Nf3 d5 2. d4 Nf6 3. Bf4 c5 4. c3 Nc6 5. e3 Qb6 6. Qb3 c4 7.
Qc2 Bf5 8. Qc1 e6 9. h3 Be7 10. Nbd2 h6 11. Be2 Qa5 12. O-O O-O 13. Ne5 Nxe5 14.
Bxe5 Nd7 15. Bg3 b5 16. a3 Rfc8 17. Bg4 Bd3 18. Re1 Qd8 19. e4 dxe4 20. Nxe4 Bxe4 21. Rxe4 f5 22. Rxe6 fxg4 23. hxg4 Nf8 24. Re4 Bd6 25.
Bxd6 Qxd6 26. Qe3 Nd7 27. Re6 Qd5 28. Re1 Nf6 29. Re5 Qd7 30. f3 Re8 31. g5 hxg5 32.
Qxg5 a6 33. Qg6 Qf7 34. Qf5 Rxe5 35. Rxe5 Re8 36. g4 Nd7 37. Rxe8+ Qxe8 38. Kg2 Nf6 39. Kf2 Qd7 40. Qe5 Nd5 41. Qb8+ Kf7 42. Qe5 Qe6 43.
Qh5+ Kg8 44. Qg5 Kf7 45. Qh5+ Ke7 46. Qg5+ Kf7 47. Qh5+ 1/2-1/2

[Event "*** Titled Tuesday Blitz"]
[Site "Chess.com"]
[Date "2020.11.24"]
[Round "5"]
[White "Loy_Konstantin"]
[Black "CheckThis4"]
[Result "0-1"]
[WhiteElo "2390"]
[BlackElo "2553"]
[TimeControl "180+1"]
[EndTime "11:11:54 PST"]
[Termination "CheckThis4 won on time"]

1. e4 c5 2. Nf3 d6 3. d4 cxd4 4. Qxd4 a6 5. c4 Nc6 6. Qd3 g6 7. Nc3 Bg7 8. h3 Nf6 9. Be2 O-O 10. Be3 Be6 11. O-O Rc8 12. b3 Nd7 13. Nd4 Nxd4 14. Bxd4 Ne5 15. Qd2 Qa5 16. Rfd1 Rfd8 17. Rac1 Rd7 18.
f4 Nc6 19. Bxg7 Kxg7 20. Nd5 Qxd2 21. Rxd2 Bxd5 22. cxd5 Na7 23. Rdc2 Rxc2 24. Rxc2 e6 25. dxe6 fxe6 26. Kf2 d5 27. exd5 exd5 28. Ke3 Kf6 29. g4 g5 30. Kf3 h6 31. Bd3 Nc6 32. Rc1 Re7 33. fxg5+ Kxg5 34. Kf2 Kf4 35. Bxa6 Nd4 36. Bd3 Re3 37. Bf5 Rxh3 38. Rd1 Rh2+ 39. Ke1 Nf3+ 40. Kf1 Kg3 0-1

[Event "*** Titled Tuesday Blitz"]
[Site "Chess.com"]
[Date "2020.11.24"]
[Round "5"]
[White "pastouche06"]
[Black "KetiTsatsalashvili"]
[Result "1-0"]
[WhiteElo "2522"]
[BlackElo "2284"]
[TimeControl "180+1"]
[EndTime "11:11:54 PST"]
[Termination "pastouche06 won on time"]

1. d4 Nf6 2. c4 e6 3. Nc3 d5 4.
cxd5 exd5 5. Bg5 c6 6. e3 Be7 7. Qc2 Nbd7 8. Bd3 Nf8 9. Nge2 Ng6 10. O-O O-O 11. f3 c5 12. Rad1 c4 13. Bf5 Re8 14. Ng3 h6 15. Bxf6 Bxf6 16. Rfe1 Be6 17. Bxg6 fxg6 18. Qxg6 Bf7 19. Qc2 Rb8 20. Qf2 b5 21. e4 dxe4 22. fxe4 b4 23. Nce2 Qb6 24. e5 Bg5 25. Nf5 Bd5 26. h4 Bd8 27. Nf4 Qb7 28.
Nxd5 Qxd5 29. Qg3 Rb7 30. Nxh6+ Kh7 31. Nf5 Rf7 32. Nd6 Bb6 33. Nxf7 Bxd4+ 34. Kh1 Qxf7 35. Rxd4 c3 36. bxc3 bxc3 37. Qxc3 Qf2 38. Qe3 Qxa2 39. Rg4 Qe6 40. Qe4+ Kg8 41. Qg6 Qe7 42. e6 Rb8 43. Qf7+ Qxf7 44. exf7+ 1-0

[Event "*** Titled Tuesday Blitz"]
[Site "Chess.com"]
[Date "2020.11.24"]
[Round "5"]
[White "Zubrrr"]
[Black "dopolian"]
[Result "1-0"]
[WhiteElo "2665"]
[BlackElo "2420"]
[TimeControl "180+1"]
[EndTime "11:11:57 PST"]
[Termination "Zubrrr won on time"]

1. d4 Nf6 2. c4 c5 3. dxc5 e6 4. Nf3 Bxc5 5. e3 O-O 6. a3 d5 7.
Qc2 Nc6 8. cxd5 Qxd5 9. Nc3 Qd8 10.
Bd3 Be7 11. O-O Qa5 12. b4 Qh5 13. Bb2 e5 14. Ne2 Bg4 15. Ng3 Qh6 16. Nxe5 Nxe5 17.
Bxe5 Rac8 18. Qb2 Rfd8 19. Bf5 Rc4 20. h3 Bh5 21. Bf4 g5 22. Be5 Nd7 23. Nxh5 Qxh5 24.
Bd4 Nf8 25. Rac1 Rxc1 26. Rxc1 Ng6 27. Bg4 Qh6 28. Rc7 Bd6 29. Rxb7 Nf8 30. Qb3 Qg6 31. Rxa7 Ne6 32. Bxe6 fxe6 33. b5 Rc8 34. Qd1 Qe4 35. Rg7+ Kf8 36. Rd7 Bb8 37. Qf3+ 1-0

[Event "*** Titled Tuesday Blitz"]
[Site "Chess.com"]
[Date "2020.11.24"]
[Round "5"]
[White "zverr1"]
[Black "StockholmMissile"]
[Result "1-0"]
[WhiteElo "2513"]
[BlackElo "2356"]
[TimeControl "180+1"]
[EndTime "11:11:57 PST"]
[Termination "zverr1 won on time"]

1. d4 Nf6 2. c4 e6 3. Nc3 Bb4 4. Bd2 O-O 5. Nf3 d5 6. cxd5 exd5 7. e3 c6 8. Bd3 Bg4 9. Qb3 Na6 10. Ne5 Be6 11.
Bxa6 Bxc3 12. Bxc3 bxa6 13. Nxc6 Qb6 14. Na5 Bd7 15. O-O Rfc8 16. Rfc1 h6 17. h3 Rab8 18. Qxb6 axb6 19. Nb3 Ne4 20. Be1 Bb5 21. f3 Nf6 22. Bg3 Ra8 23. Rc7 Rxc7 24. Bxc7 Nd7 25. Rc1 Rc8 26. e4 dxe4 27. fxe4 Bd3 28. Nd2 Bb5 29. Rc3 f6 30. Bd6 Rxc3 31. bxc3 Kf7 32. c4 Bc6 33. Kf2 Ba4 34. Ke3 g5 35. g4 Bc2 36. Bc7 Ke6 37. Nb3 Bb1 38. Nc1 Ke7 39.
a3 a5 40. Nd3 Ba2 41. c5 bxc5 42. dxc5 a4 43. Kd4 Bb1 44. Nb4 Ke6 45. Nd5 Ba2 46. Bd8 Bb3 47. c6 Ne5 48. Kc5 Bc2 49. Nxf6 Bd3 50. Kb6 1-0

[Event "*** Titled Tuesday Blitz"]
[Site "Chess.com"]
[Date "2020.11.24"]
[Round "5"]
[White "Bulldog167"]
[Black "witcher8"]
[Result "1-0"]
[WhiteElo "2632"]
[BlackElo "2436"]
[TimeControl "180+1"]
[EndTime "11:11:58 PST"]
[Termination "Bulldog167 won on time"]

1. e4 c6 2. d4 d5 3. exd5 cxd5 4. Bd3 Nf6 5. c3 Nc6 6. h3 g6 7. Nf3 Bf5 8. Ne5 Bxd3 9. Nxd3 Bg7 10. O-O O-O 11.
Bf4 Re8 12. Nd2 Ne4 13. Nxe4 dxe4 14. Nc5 e5 15. dxe5 Qb6 16. Nxe4 Nxe5 17. Qc2 Nc4 18. b3 Na3 19. Qd3 Rad8 20. Qf3 Qc6 21. Rae1 Nb5 22. Bg5 Rc8 23. Nf6+ Bxf6 24. Qxc6 bxc6 25. Bxf6 Re6 26. Rxe6 fxe6 27. Rd1 Kf7 28. Be5 Ke7 29. c4 Nc7 30. f4 Ne8 31. Kf2 Nf6 32. Bxf6+ Kxf6 33.
Rd7 a5 34. Rxh7 Rd8 35. Ke3 Rd1 36. g4 Re1+ 37. Kf2 Ra1 38. Ke3 g5 39. Rh6+ Kf7 40. fxg5 Rxa2 41. Kf4 Rb2 42. Rh7+ Kg6 43. Rb7 1-0

[Event "*** Titled Tuesday Blitz"]
[Site "Chess.com"]
[Date "2020.11.24"]
[Round "5"]
[White "TC2304"]
[Black "googlegoom"]
[Result "0-1"]
[WhiteElo "2338"]
[BlackElo "2471"]
[TimeControl "180+1"]
[EndTime "11:11:58 PST"]
[Termination "googlegoom won on time"]

1. d4 d5 2. c4 c6 3. Nc3 Nf6 4. e3 e6 5. Nf3 Nbd7 6. Bd3 Bd6 7. g4 Nxg4 8. Rg1 Nxh2 9. Nxh2 Bxh2 10. Rxg7 Nf8 11.
Qf3 Qe7 12. e4 dxc4 13. Bxc4 Ng6 14. Bg5 Qc7 15. e5 Bxe5 16. Bf6 Bxf6 17. Qxf6 Qe7 18. Ne4 Qf8 19. Rxf7 Qb4+ 20. Kd1 Rf8 21. Rxf8+ Qxf8 22. Qg5 Qf3+ 23. Kc2 Qxe4+ 24. Bd3 Qxd4 25. Re1 Qxf2+ 26. Re2 Qf7 27. Rh2 Qe7 28. Qe3 Kd7 29. Qd4+ Kc7 30. Qe3 Bd7 31. Qf2 e5 32. Rh6 Rf8 33. Qg3 Qc5+ 34.
Kb3 Be6+ 0-1

[Event "*** Titled Tuesday Blitz"]
[Site "Chess.com"]
[Date "2020.11.24"]
[Round "5"]
[White "Chess_Boxer123"]
[Black "GukeshDommaraju"]
[Result "0-1"]
[WhiteElo "2537"]
[BlackElo "2887"]
[TimeControl "180+1"]
[EndTime "11:12:00 PST"]
[Termination "GukeshDommaraju won by resignation"]

1. d4 Nf6 2. Bf4 d5 3. e3 c5 4. Nf3 Qb6 5. Nc3 Bd7 6. Rb1 e6 7. Bd3 c4 8. Be2 Bb4 9. O-O O-O 10. Ne5 Nc6 11. Nxd7 Nxd7 12. e4 Qxd4 13. exd5 Qxf4 14. dxc6 Nc5 15. cxb7 Nxb7 16. g3 Qc7 17. Nb5 Qc5 18.
Qd7 Qb6 19. Bf3 Rab8 20. Na3 Rfd8 21. Qc6 Na5 22. Qa4 Rd2 23. c3 Bc5 24. Nxc4 Nxc4 25. Qxc4 Bxf2+ 26. Kh1 h6 27. b3 Qe3 28. Bg2 Rbd8 29.
Qc6 Rxa2 30. c4 Rdd2 31. Qa8+ Kh7 32. Qe4+ Qxe4 33. Bxe4+ f5 34. Bg2 Bd4 35. Rg1 Bxg1 36. Rxg1 Rab2 37. h4 Rxb3 38. Kh2 Rc3 39. Kh3 Rxc4 40.
Rd1 Rxd1 0-1

[Event "*** Titled Tuesday Blitz"]
[Site "Chess.com"]
[Date "2020.11.24"]
[Round "5"]
[White "RobertoJBM"]
[Black "Das_Virus_2020"]
[Result "1-0"]
[WhiteElo "2696"]
[BlackElo "2500"]
[TimeControl "180+1"]
[EndTime "11:12:00 PST"]
[Termination "RobertoJBM won on time"]

1. d4 Nf6 2. c4 c5 3. d5 b5 4. cxb5 a6 5. b6 e6 6. Nc3 Nxd5 7. Nxd5 exd5 8. Qxd5 Nc6 9. Nf3 Rb8 10. e3 Be7 11. Be2 O-O 12. O-O Rxb6 13. b3 Nb4 14. Qd2 Rd6 15. Qc3 Bf6 16. Qxc5 Qb6 17. Qxb6 Rxb6 18. Nd4 Bxd4 19. exd4 Nc2 20. Rb1 Nxd4 21. Bd3 Re6 22. Be3 Nc6 23. Bc4 Rg6 24. Rfd1 Re8 25. Rbc1 Ne5 26. Bd5 d6 27. Rc7 h5 28. Rdc1 Be6 29.
Bxe6 Rgxe6 30. h3 Kh7 31. Rd1 Kg6 32. Ra7 Rd8 33. Rxa6 d5 34. Ra5 1-0

[Event "*** Titled Tuesday Blitz"]
[Site "Chess.com"]
[Date "2020.11.24"]
[Round "5"]
[White "Orest_Vovk"]
[Black "andrzej"]
[Result "1-0"]
[WhiteElo "2534"]
[BlackElo "2388"]
[TimeControl "180+1"]
[EndTime "11:12:00 PST"]
[Termination "Orest_Vovk won on time"]

1. h3 d5 2. e4 dxe4 3. Nc3 Nf6 4. Qe2 e5 5. Nxe4 Nc6 6. Nf3 Be7 7. Nxf6+ Bxf6 8. Qe4 O-O 9. Bc4 g6 10. O-O Bf5 11. Qe2 e4 12. Ne1 Nd4 13. Qd1 b5 14.
Bb3 c5 15. c3 Nc6 16. Bc2 c4 17. f3 Re8 18. fxe4 Bxe4 19. Bxe4 Rxe4 20. d4 cxd3 21. Qxd3 Qb6+ 22. Kh1 Rae8 23. Nf3 Re2 24. Bg5 Bg7 25. Rae1 Rxe1 26. Rxe1 Rxe1+ 27. Nxe1 Ne5 28. Qd8+ Qxd8 29. Bxd8 Nc4 30. Nd3 f5 31. Bc7 Kf7 32. Kg1 Ke6 33.
Kf2 Kd5 34. Ke2 Ke4 35. b3 Na3 36. Ba5 Kd5 37. Kd2 Ke4 38. Nf2+ Kd5 39. Bb4 1-0

[Event "*** Titled Tuesday Blitz"]
[Site "Chess.com"]
[Date "2020.11.24"]
[Round "5"]
[White "Mikasinski"]
[Black "Khnykin_Nikolay"]
[Result "1-0"]
[WhiteElo "2326"]
[BlackElo "2077"]
[TimeControl "180+1"]
[EndTime "11:12:00 PST"]
[Termination "Mikasinski won on time"]

1. e4 e6 2. d4 d5 3. Nc3 Bb4 4. e5 c5 5. a3 Bxc3+ 6. bxc3 Nc6 7. h4 Nge7 8. h5 Nf5 9. g4 Nfe7 10. h6 g6 11. Nf3 Qa5 12. Bd2 cxd4 13. cxd4 Qb6 14. c3 Bd7 15. Rb1 Qa5 16. Rxb7 Qxa3 17. Bd3 Qa5 18.
c4 Qa6 19. Qb3 Nxd4 20. Nxd4 Qa1+ 21. Ke2 Qxh1 22. Rxd7 dxc4 23. Rxe7+ Kxe7 24. Qb4+ Ke8 25. Qb5+ Kf8 26. Bxc4 Qe4+ 27. Be3 Rd8 28. Qc5+ Kg8 29. Nxe6 Qc2+ 30. Kf3 Qd1+ 31. Kg3 Qg1+ 32. Kf3 1-0

[Event "*** Titled Tuesday Blitz"]
[Site "Chess.com"]
[Date "2020.11.24"]
[Round "5"]
[White "Margarita2907"]
[Black "oykuince"]
[Result "1-0"]
[WhiteElo "2237"]
[BlackElo "1967"]
[TimeControl "180+1"]
[EndTime "11:12:00 PST"]
[Termination "Margarita2907 won by checkmate"]

1. e4 c5 2. Nf3 e6 3. d4 cxd4 4. Nxd4 Nc6 5. Nc3 Qc7 6. Be3 a6 7. Qd2 b5 8. a4 b4 9. Nd1 Nf6 10. Bd3 Bb7 11. f3 Ne5 12. O-O Nxd3 13. cxd3 Be7 14.
Nf2 O-O 15. Rac1 Qa5 16. b3 Rac8 17. Ne2 d6 18. d4 e5 19. d5 Nd7 20. Nd3 Nc5 21. Nxc5 dxc5 22. f4 Bf6 23. f5 Rfd8 24.
Bg5 Bxg5 25. Qxg5 f6 26. Qg4 Rd7 27. Rf3 Rdc7 28. Rh3 c4 29. Qh5 h6 30. bxc4 Rxc4 31. Rf1 Rxe4 32. Ng3 Rf4 33. Rxf4 exf4 34. Nf1 Qxd5 35.
Qg6 Qd4+ 36. Kh1 Bd5 37. Rxh6 Rc1 38. Qe8# 1-0

[Event "*** Titled Tuesday Blitz"]
[Site "Chess.com"]
[Date "2020.11.24"]
[Round "5"]
[White "Pelopidass"]
[Black "eightbyeightchess"]
[Result "1-0"]
[WhiteElo "2581"]
[BlackElo "2416"]
[TimeControl "180+1"]
[EndTime "11:12:05 PST"]
[Termination "Pelopidass won on time"]

1. e4 e6 2. d4 d5 3. Nc3 Nf6 4. Bg5 Be7 5. e5 Nfd7 6. Bxe7 Qxe7 7. h4 a6 8. h5 c5 9. h6 g6 10. Nf3 cxd4 11. Qxd4 Nc6 12. Qf4 b5 13. Bd3 Bb7 14. a3 Rc8 15. Kf1 Rc7 16. Nxd5 exd5 17. e6 Nf6 18. exf7+ Qxf7 19. Re1+ Ne4 20. Qd6 Rd7 21.
Bxe4 Rxd6 22. Bxg6+ Ne7 23. Bxf7+ Kxf7 24. Ne5+ Kf6 25. Rh3 Ng6 26. Ng4+ Kg5 27. Rg3 d4 28. Ne5+ Kf6 29. Ng4+ Kf5 30. c3 dxc3 31. Ne3+ Kf6 32. Ng4+ Kf7 33. Rxc3 Rd7 34. Rc5 Rd5 35. Rc7+ Kf8 36.
Rxb7 1-0

[Event "*** Titled Tuesday Blitz"]
[Site "Chess.com"]
[Date "2020.11.24"]
[Round "5"]
[White "lacafi"]
[Black "JoliyRoger"]
[Result "0-1"]
[WhiteElo "2202"]
[BlackElo "2366"]
[TimeControl "180+1"]
[EndTime "11:12:05 PST"]
[Termination "JoliyRoger won on time"]

1. d4 Nf6 2. Nf3 e6 3. e3 c5 4. Bd3 b6 5. Qe2 Bb7 6. Nbd2 Be7 7. O-O O-O 8. c3 Nc6 9. a3 d5 10. dxc5 bxc5 11. e4 Re8 12. Re1 d4 13. e5 Nd5 14.
Ne4 h6 15. Bd2 Nb6 16. Rad1 Nd7 17. cxd4 cxd4 18. Ng3 Nf8 19. Nh5 Rb8 20. Qe4 f5 21. exf6 Bxf6 22. Qg4 e5 23. Nh4 Bc8 24. Qg3 Qe7 25.
Ng6 Qf7 26. Nxf8 Kxf8 27. Bg6 Qd5 28. Bxe8 Kxe8 29. Nxf6+ gxf6 30. Qg6+ Qf7 31. Qxh6 Be6 32. Qh4 Kd7 33. f4 Rg8 34. fxe5 fxe5 35. Qf2 Qg6 36. g3 Bd5 37. Bb4 Rg7 38. Bc5 Rf7 39. Qd2 Qg4 0-1

[Event "*** Titled Tuesday Blitz"]
[Site "Chess.com"]
[Date "2020.11.24"]
[Round "5"]
[White "pheonixking2000"]
[Black "Fandorine"]
[Result "0-1"]
[WhiteElo "2802"]
[BlackElo "2877"]
[TimeControl "180+1"]
[EndTime "11:12:07 PST"]
[Termination "Fandorine won on time"]

1. c4 g6 2. d4 Bg7 3. Nc3 d6 4.
e4 Nf6 5. Be2 O-O 6. Be3 Na6 7.
Nf3 e5 8. dxe5 dxe5 9. O-O c6 10. a3 Qe7 11. b4 Nh5 12. g3 f5 13. Nh4 Nf4 14. Bf3 Nh3+ 15. Kg2 f4 16. Bg4 Ng5 17.
Bxc8 Raxc8 18. Bc1 Rcd8 19. Qg4 Rd3 20. Na4 Qf6 21. Kh1 Nxe4 22. Qe2 fxg3 23. Qxe4 Rd4 24.
Qg2 Rxh4 25. Qxg3 Rxc4 26. Nb2 Rc2 27. Nd1 e4 28. Rb1 Qf3+ 29. Qxf3 exf3 30. Be3 b6 31.
h4 Nc7 32. h5 Nd5 33. hxg6 hxg6 34. Kh2 Rf5 35. Kg3 Be5+ 36. Kh3 Bf6 37. Kg4 Rc4+ 38.
Kg3 Be5+ 0-1